 Dungeon Crawl Stone Soup version 0.29.0-7-g18a832c13a (webtiles) character file.

Game seed: 4789165835899657717

13082 gelatine the Skirmisher (level 11, 0/83 HPs)
             Began as a Demonspawn Hunter on Aug 31, 2022.
             Was a Priest of Fedhas.
             Slain by a blink frog (15 damage)
             ... on level 1 of the Lair of Beasts.
             The game lasted 00:28:45 (9715 turns).

gelatine the Skirmisher (Demonspawn Hunter)         Turns: 9715, Time: 00:28:46

Health: 0/83       AC: 12    Str: 11    XL:     11   Next: 70%
Magic:  15/15      EV: 15    Int: 10    God:    Fedhas [***...]
Gold:   561        SH:  9    Dex: 28    Spells: 10/10 levels left

rFire   . . .      SeeInvis .   k - +6 triple crossbow (vorpal)
rCold   . . .      Faith    .   (shield currently unavailable)
rNeg    . . .      Spirit   .   R - +0 steam dragon scales
rPois   .          Reflect  +   z - +2 hat
rElec   .          Harm     .   J - scarf {shadows}
rCorr   .          Rampage  .   O - +0 pair of gloves
Will    .....                   v - +0 pair of boots
Stlth   +++.......              g - amulet of reflection
HPRegen 0.23/turn               e - +6 ring of dexterity
MPRegen 0.14/turn               n - +4 ring of slaying

@: no status effects
A: antennae 2, slimy green scales 1, powered by pain 1, condensation shield
a: Renounce Religion, Wall of Briars, Grow Ballistomycete


You were on level 1 of the Lair of Beasts.
You worshipped Fedhas.
Fedhas was most pleased with you.
You visited 3 branches of the dungeon, and saw 11 of its levels.

You collected 561 gold pieces.

Inventory:

Hand Weapons
 a - a +0 shortbow
 b - the +5 dagger "Zuemupou" {flame, rElec}
   (You found it on level 2 of the Dungeon)

   It burns those it strikes, dealing additional fire damage.
   rElec:     It insulates you from electricity.
 k - a +6 vorpal triple crossbow (weapon)
 l - a +4 short sword
Missiles
 t - 6 atropa-tipped darts
 G - 3 boomerangs
 P - 4 javelins
Armour
 o - a +0 scale mail of poison resistance
 v - a +0 pair of boots (worn)
 z - a +2 hat (worn)
 J - a scarf of shadows (worn)
 M - a +1 robe of willpower
 O - a +0 pair of gloves (worn)
 R - +0 steam dragon scales (worn)
 W - an orb of energy
Jewellery
 e - a +6 ring of dexterity (left hand)
 g - an amulet of reflection (around neck)
 h - a ring of poison resistance
 n - a +4 ring of slaying (right hand)
 y - a ring of protection from fire
 D - a ring of willpower
 H - a ring of resist corrosion
 I - a ring of fire
 U - an amulet of faith
 V - a ring of wizardry
Wands
 m - a wand of flame (25)
 u - a wand of paralysis (16)
 B - a wand of iceblast (19)
 K - a wand of mindburst (8)
Scrolls
 i - 6 scrolls of vulnerability
 j - 2 scrolls of teleportation
 p - a scroll of blinking
 s - 3 scrolls of immolation
 A - 4 scrolls of amnesia
 C - a scroll of summoning
 L - a scroll of magic mapping
 N - 2 scrolls of enchant armour {unknown}
 T - a scroll of brand weapon {unknown}
Potions
 c - a potion of haste {unknown}
 d - 2 potions of flight
 f - 8 potions of curing
 q - 3 potions of might
 r - a potion of degeneration {unknown}
 w - 3 potions of magic
 x - a potion of ambrosia {unknown}
 E - a potion of resistance {unknown}
 F - 2 potions of heal wounds {unknown}
 Q - 2 potions of lignification {unknown}
 S - a potion of berserk rage {unknown}


   Skills:
 + Level 6.8 Fighting
 * Level 14.8 Ranged Weapons
 + Level 3.6 Armour
 + Level 3.6 Dodging
 + Level 2.7 Stealth
 + Level 2.2 Shields
 * Level 6.0 Invocations


You had 10 spell levels left.
You didn't know any spells.
Your spell library contained the following spells:

 Spells                   Type           Power      Damage    Failure   Level
 Ensorcelled Hibernation  Hex/Ice        0%         N/A       50%         2
 Dazzling Flash           Conj/Hex       0%         N/A       75%         3
 Ignite Poison            Fire/Tmut/Pois 0%         N/A       75%         3
 Mephitic Cloud           Conj/Pois/Air  0%         N/A       75%         3
 Spider Form              Tmut/Pois      0%         N/A       75%         3
 Anguish                  Hex/Necr       0%         N/A       98%         4
 Hailstorm                Conj/Ice       0%         3d3       98%         4
 Ice Form                 Ice/Tmut       0%         N/A       98%         4
 Agony                    Necr           0%         N/A       100%        5
 Freezing Cloud           Conj/Ice/Air   0%         6-21      100%        5
 Silence                  Hex/Air        0%         N/A       100%        5
 Simulacrum               Ice/Necr       0%         N/A       100%        6


Dungeon Overview and Level Annotations

Branches:
Dungeon (9/15)             Temple (1/1) D:7            Lair (1/5) D:9
    Orc: D:9-12

Altars:
Ashenzari
Cheibriados
Dithmenos
Fedhas
Gozag
Hepliaklqana
Kikubaaqudgha
Makhleb
Nemelex Xobeh
Okawaru
Qazlal
Ru
Sif Muna
Trog
Uskayaw
Vehumet
Wu Jian
Xom
Yredelemnul

Shops:
D:4 !

Annotations:
Lair:1 3 runed translucent doors, Werew's ghost, journeyman GnWn


Innate Abilities, Weirdness & Mutations

You have a pair of antennae on your head.
You are partially covered in slimy green scales. (AC +2)
You sometimes gain a little power by taking damage.
A meltable shield of frost defends you. (SH +4)


Message History

The blink frog gives a loud, deep croak!
The bolt hits the blink frog!!
The blink frog is almost dead.
The blink frog hits you but does no damage.
The blink frog blinks!
The blink frog hits you!
The blink frog blinks!
The blink frog hits you. The blink frog misses you.
The blink frog blinks!
You block the blink frog's attack.
You are too injured to fight recklessly!
Unknown command.
You are too injured to fight recklessly!
Unknown command.
Fire: k) +6 triple crossbow (vorpal)
Press: ? - help, Q - select action, (/) - cycle Shift-Dir - straight line, f/p - blink frog
Aim: a blink frog (almost dead, 65% to hit)
You shoot a bolt. The bolt closely misses the blink frog.
The blink frog hits you!
The blink frog blinks! x2
You block the blink frog's attack. The blink frog closely misses you.
Fire: k) +6 triple crossbow (vorpal)
Press: ? - help, Q - select action, (/) - cycle Shift-Dir - straight line, f/p - blink frog
Aim: a blink frog (almost dead, 65% to hit)
You shoot a bolt. The bolt misses the blink frog.
The blink frog blinks!
The blink frog hits you!
The blink frog blinks! x3
Fire: k) +6 triple crossbow (vorpal)
Press: ? - help, Q - select action, (/) - cycle Shift-Dir - straight line, f/p - blink frog
Aim: a blink frog (almost dead, 65% to hit)
You shoot a bolt. The bolt misses the blink frog.
The bolt hits the blink frog!
You kill the blink frog!
Fedhas appreciates your contribution to the ecosystem.
The blink frog blinks!
You block the blink frog's attack. The blink frog hits you!
* * * LOW HITPOINT WARNING * * *
The blink frog barely misses you.
The blink frog blinks! x2
You block the blink frog's attack.
Fire: k) +6 triple crossbow (vorpal)
Press: ? - help, Q - select action, (/) - cycle Shift-Dir - straight line, f - blink frog
Aim: a blink frog (65% to hit)
You shoot a bolt. The bolt barely misses the blink frog.
The blink frog blinks!
The blink frog hits you!
You die...
Fedhas appreciates your contribution to the ecosystem.

##...####
.........##
............##
.............#
..........F.##
.......FFF§.##
#.....§.@...#
#####..#.......#
#..#...........#
###...#..P#......#
.........##...§..#
........####....##
........#########
..........##
...........#


You could see 4 blink frogs.

Vanquished Creatures
  A two-headed ogre (D:8)
  Pikel (D:5)
  2 ugly things
  A black mamba (Lair:1)
  2 cane toads (Lair:1)
  3 kobold demonologists (D:9)
  An unseen horror (D:6)
  A komodo dragon (D:7)
  A troll (D:9)
  A blink frog (Lair:1)
  A wraith (D:7)
  A vampire mosquito (D:8)
  27 yaks
  2 steam dragons (D:8)
  An acid dragon (D:8)
  3 water moccasins
  5 orc warriors
  4 ice beasts
  2 black bears (D:6)
  2 centaurs
  3 ogres
  A lemure (D:5)
  7 bullfrogs
  2 kobold brigands (D:8)
  4 scorpions
  A necrophage (D:8)
  4 wights
  7 killer bees (D:9)
  4 howler monkeys
  4 hounds
  2 jellies
  6 orc priests
  2 gnoll boudas
  4 iguanas
  7 orc wizards
  8 adders
  5 gnolls
  2 shadow imps
  2 ufetubi (D:6)
  A worm (D:2)
  2 dart slugs (D:1)
  23 orcs
  4 ball pythons
  4 endoplasms
  A giant cockroach (D:1)
  8 goblins
  6 hobgoblins
  18 kobolds
  5 quokkas
  3 bats
  4 frilled lizards
  4 rats
220 creatures vanquished.

Vanquished Creatures (others)
  A wizard (D:4)
1 creature vanquished.

Grand Total: 221 creatures vanquished

Notes
Turn   | Place    | Note
-------+----------+-------------------------------------------
     0 | D:1      | gelatine the Demonspawn Hunter began the quest for the Orb.
     0 | D:1      | Reached XP level 1. HP: 16/16 MP: 1/1
   234 | D:1      | Reached skill level 4 in Ranged Weapons
   252 | D:1      | Gained mutation: You are partially covered in slimy green
                  | scales. (AC +2) [demonic ancestry]
   252 | D:1      | Reached XP level 2. HP: 22/22 MP: 2/2
   489 | D:1      | Found a faded altar of an unknown god.
   939 | D:2      | Reached XP level 3. HP: 27/27 MP: 3/3
   971 | D:2      | Identified the +5 dagger "Zuemupou" {flame, rElec}
  1829 | D:3      | Reached skill level 5 in Ranged Weapons
  1829 | D:3      | Reached skill level 1 in Stealth
  1829 | D:3      | Gained mutation: You have a pair of small antennae on your
                  | head. [demonic ancestry]
  1829 | D:3      | Reached XP level 4. HP: 10/34 MP: 4/4
  2154 | D:3      | Reached XP level 5. HP: 41/41 MP: 5/5
  2939 | D:4      | Reached skill level 6 in Ranged Weapons
  2939 | D:4      | Gained mutation: You have a pair of antennae on your head.
                  | [demonic ancestry]
  2939 | D:4      | Reached XP level 6. HP: 42/47 MP: 6/6
  3127 | D:4      | Found Kifalae's Distillery.
  3243 | D:4      | Found a bloodstained altar of Trog.
  3244 | D:4      | Noticed a wizard
  3249 | D:4      | Killed a wizard
  3470 | D:5      | Entered Level 5 of the Dungeon
  3756 | D:5      | Identified a scroll of acquirement
  3757 | D:5      | Acquired a +3 vorpal triple crossbow
  3815 | D:5      | Reached skill level 1 in Armour
  3815 | D:5      | Reached XP level 7. HP: 41/52 MP: 7/7
  4096 | D:5      | Reached skill level 7 in Ranged Weapons
  4310 | D:5      | Noticed Pikel
  4318 | D:5      | Killed Pikel
  4319 | D:5      | Reached skill level 8 in Ranged Weapons
  4319 | D:5      | Gained mutation: You sometimes gain a little power by
                  | taking damage. [demonic ancestry]
  4319 | D:5      | Reached XP level 8. HP: 58/60 MP: 8/8
  4727 | D:6      | Reached skill level 1 in Shields
  4733 | D:6      | Reached skill level 9 in Ranged Weapons
  5176 | D:6      | Reached skill level 10 in Ranged Weapons
  5180 | D:6      | Killed an unseen horror
  5181 | D:6      | Reached XP level 9. HP: 47/65 MP: 9/9
  5762 | D:7      | Noticed a brown ugly thing
  5768 | D:7      | Killed a brown ugly thing
  5809 | D:7      | Found a staircase to the Ecumenical Temple.
  5827 | Temple   | Entered the Ecumenical Temple
  6232 | Temple   | Became a worshipper of Fedhas Madash
  6296 | D:7      | Reached skill level 11 in Ranged Weapons
  6302 | D:7      | Reached skill level 5 in Fighting
  6582 | D:7      | Noticed a komodo dragon
  6586 | D:7      | Killed a komodo dragon
  6810 | D:7      | Reached XP level 10. HP: 74/74 MP: 10/10
  7090 | D:8      | Reached skill level 12 in Ranged Weapons
  7327 | D:8      | Reached * piety under Fedhas
  7688 | D:8      | Noticed a two-headed ogre
  7692 | D:8      | Killed a two-headed ogre
  7693 | D:8      | Reached skill level 13 in Ranged Weapons
  7693 | D:8      | Reached skill level 1 in Invocations
  7854 | D:8      | Noticed a red ugly thing
  7886 | D:8      | Killed a red ugly thing
  7886 | D:8      | Reached ** piety under Fedhas
  8340 | D:9      | Gained mutation: A meltable shield of frost defends you.
                  | (SH +4) [demonic ancestry]
  8340 | D:9      | Reached XP level 11. HP: 63/81 MP: 13/13
  8830 | D:9      | Found a staircase to the Lair.
  8905 | D:9      | Reached skill level 14 in Ranged Weapons
  8928 | D:9      | Found a shimmering blue altar of Sif Muna.
  9311 | Lair:1   | Entered Level 1 of the Lair of Beasts
  9316 | Lair:1   | Reached skill level 5 in Invocations
  9353 | Lair:1   | Reached *** piety under Fedhas
  9626 | Lair:1   | Found a runed translucent gate.
  9626 | Lair:1   | Found a runed translucent gate.
  9626 | Lair:1   | Found a runed translucent gate.
  9630 | Lair:1   | Noticed Werew's ghost (journeyman GnWn)
  9715 | Lair:1   | Slain by a blink frog

Illustrated notes

Levels and vault maps discovered:
D:1:      lightli_iron_boxes, layout_loops_cross,
          ebering_ecumenical_altar_ruins, minmay_strange_pillars,
          corexii_hall_statues_x, grunt_decor_mini_mirrors, minmay_cut_off
D:2:      layout_basic, fountainhead
D:3:      layout_basic
D:4:      layout_loops_cross, trog_wizard, serial_shops, nicolae_diamond_shop
D:5:      minmay_chambers_of_threes, layout_loops_cross, uniq_pikel
D:6:      layout_basic, kennysheep_opposing_triangles
D:7:      minmay_recursive_quarters, layout_basic,
          minmay_temple_entry_butterflies, grunt_decor_one_mirror
D:8:      minmay_chambers_of_sixes, layout_loops_cross
D:9:      layout_irregular_city, mainiacjoe_overflow_24_doors, lair_entry_dummy
Temple:   mainiacjoe_temple_big_plus
Lair:1:   hellmonk_ruined_rings, layout_cave_pods, ebering_ghost_rock_garden

Skill      XL: |  1  2  3  4  5  6  7  8  9 10 11 |
---------------+----------------------------------+-----
Ranged Weapons | 4 5 6 8 10 11 13 14 | 14.8
Stealth        | 1 2 |  2.7
Fighting       | 3 4 5 6 |  6.8
Armour         | 1 2 3 |  3.6
Dodging        | 2 3 |  3.6
Shields        | 1 2 |  2.2
Invocations    | 3 6 |  6.0

Action                   |  1- 3 |  4- 6 |  7- 9 | 10-12 || total
-------------------------+-------+-------+-------+-------++-------
 Fire: Shortbow          |    68 |    96 |    71 |       ||   235
       Triple crossbow   |       |       |    70 |   188 ||   258
  Use: Scroll            |       |     9 |     4 |     6 ||    19
Armor: Leather armour    |     4 |     6 |    17 |       ||    27
       Robe              |       |       |     1 |     5 ||     6
       Steam dragon scal |       |       |       |    26 ||    26
Dodge: Dodged            |     6 |    10 |    35 |    71 ||   122
Block: Other             |     3 |     4 |    16 |    48 ||    71
       Reflection        |       |       |     1 |     6 ||     7
